 Dungeon Sprint DCSS version 0.15-a0-1206-g3bad1a6 (webtiles) character file.

386 Infinimo the Martial Artist (level 6, -3/43 HPs)
             Began as a Demonspawn Transmuter on June 1, 2014.
             Was an Initiate of Cheibriados.
             Slain by an elephant slug (34 damage)
             ... in the Dungeon (Sprint I: "Red Sonja").
             The game lasted 00:03:03 (899 turns).

Infinimo the Martial Artist (Demonspawn Transmuter)  Turns: 899, Time: 00:03:04

HP  -3/43        AC  2     Str 12      XL: 6   Next: 48%
MP   0/10        EV 12     Int 17      God: Cheibriados [......]
Gold 183         SH  0     Dex 14      Spells:  3 memorised,  0 levels left

rFire  . . .     SeeInvis .       - Unarmed
rCold  . . .     Clarity  .     c - +0 robe
rNeg   . . .     rCorr    .     (shield currently unavailable)
rPois  .         rRot     .     (no helmet)
rElec  .         Spirit   +     (no cloak)
SustAb .         Warding  .     (gloves currently unavailable)
rMut   .         NoTele   +     (no boots)
Gourm  .                        (no amulet)
MR     .....                    (no ring)
                                (no ring)

@: blade hands (expiring), very slow, not resistant to hostile enchantments,
very unstealthy
A: claws 1, hooves 2, magic shield
a: End Transformation, Bend Time, Renounce Religion


You were in the Dungeon.
You worshipped Cheibriados.
Cheibriados was noncommittal.
You were near starving.
Your hands were blades.
You visited 1 branch You collected 183 gold pieces.

Inventory:

Missiles
 b - 12 arrows
Armour
 c - a +0 robe (worn)
Magical devices
 f - a wand of random effects (11) {unknown}
Comestibles
 a - a bread ration
Scrolls
 j - a scroll of blinking
Potions
 e - a potion of curing
 g - a potion of haste
 h - 2 potions of magic
Books
 d - a book of Changes

   Spells                             Type                      Level
   *Beastly Appendage                 Transmutation                1
   Sticks to Snakes                   Transmutation                2
   *Spider Form                       Transmutation/Poison         3
   Ice Form                           Ice/Transmutation            4
   *Blade Hands                       Transmutation                5


   Skills:
 - Level 1.0 Fighting
 - Level 1.7 Dodging
 + Level 9.5 Unarmed Combat
 - Level 2.0 Spellcasting
 + Level 9.3 Transmutations


You couldn't memorise any spells.
You knew the following spells:

 Your Spells              Type           Power        Failure   Level  Hunger
a - Beastly Appendage     Trmt           ####..       12%         1    #......
b - Spider Form           Trmt/Pois      ###.......   45%         3    ####...
c - Blade Hands           Trmt           ####......   54%         5    ######.


Dungeon Overview and Level Annotations

Branches:
Dungeon (1/1)

Altars:
Cheibriados
Dithmenos
Elyvilon
Fedhas
Gozag
Kikubaaqudgha
Makhleb
Nemelex Xobeh
Okawaru
Qazlal
Sif Muna
Vehumet
Xom
Yredelemnul
The Shining One
Jiyva

Shops:
D :


Innate Abilities, Weirdness & Mutations

You have sharp fingernails.*
You have hoof-like feet.*
When hurt, damage is shared between your health and your magic reserves.


Message History

You start resting.
HP restored.
You open the door.
Casting: Blade Hands
Confirm with . or Enter, or press ? or * to list all spells.
Your hands turn into razor-sharp scythe blades.
You kick the elephant slug!
The elephant slug is lightly wounded.
You kick the elephant slug.
The elephant slug is moderately wounded.
The elephant slug is heavily wounded.
The elephant slug bites you!
The elephant slug is heavily wounded.
The elephant slug is heavily wounded.
Your transformation is almost over.
You kick the elephant slug.
The elephant slug is severely wounded.
The elephant slug bites you!!!
Ouch! That really hurt!
You die...

###################
#<.#..').#..'..#__#
#..'..#..').#@.'^.+
#..#####'#####w#__#
#..# #..#...#.####
#..# _####..##(#
#..#_..._##'#w.+
#⌠⌠#_.∩...'..._#
####_..._##_.#+#


____ ##+# ### You could see an elephant slug.

Vanquished Creatures
  A slime creature (D)
  An ogre (D)
  Sigmund (D)
  A jelly (D)
  Ijyb (D)
5 creatures vanquished.

Vanquished Creatures (others)
  A yellow wasp (D)
1 creature vanquished.

Grand Total: 6 creatures vanquished

Notes
Turn   | Place    | Note
--------------------------------------------------------------
     0 | D        | Infinimo, the Demonspawn Transmuter, began the quest for the Orb.
     0 | D        | Reached XP level 1. HP: 15/15 MP: 3/3
     1 | D        | Noticed Ijyb
    28 | D        | Killed Ijyb
    28 | D        | Reached skill level 4 in Unarmed Combat
    28 | D        | Gained mutation: You have large cloven feet. [demonic ancestry]
    28 | D        | Reached XP level 2. HP: 15/21 MP: 2/4
   108 | D        | Noticed an ogre
   111 | D        | Killed an ogre
   111 | D        | Reached skill level 6 in Unarmed Combat
   111 | D        | Reached skill level 5 in Transmutations
   111 | D        | Reached XP level 3. HP: 26/26 MP: 4/6
   111 | D        | Gained mutation: You have sharp fingernails. [demonic ancestry]
   111 | D        | Reached XP level 4. HP: 32/32 MP: 4/7
   184 | D        | Learned a level 3 spell: Spider Form
   185 | D        | Noticed Sigmund
   196 | D        | Killed Sigmund
   196 | D        | Reached skill level 7 in Unarmed Combat
   196 | D        | Gained mutation: When hurt, damage is shared between your health and your magic reserves. [demonic ancestry]
   196 | D        | Reached XP level 5. HP: 21/37 MP: 5/9
   348 | D        | Found a snail-covered altar of Cheibriados.
   348 | D        | Found a viscous altar of Jiyva.
   348 | D        | Found a shadowy altar of Dithmenos.
   348 | D        | Found a blossoming altar of Fedhas.
   348 | D        | Noticed a slime creature
   363 | D        | Killed a slime creature
   363 | D        | Reached skill level 9 in Unarmed Combat
   363 | D        | Gained mutation: You have hoof-like feet. [demonic ancestry]
   363 | D        | Reached XP level 6. HP: 15/43 MP: 2/10
   511 | D        | Killed a yellow wasp
   569 | D        | Became a worshipper of Cheibriados the Contemplative
   571 | D        | Found a deep blue altar of Sif Muna.
   571 | D        | Noticed a jelly
   576 | D        | Killed a jelly
   606 | D        | Learned a level 5 spell: Blade Hands
   610 | D        | Found a radiant altar of Vehumet.
   628 | D        | Found Adanko's Book Emporium.
   628 | D        | Found a white marble altar of Elyvilon.
   628 | D        | Found a stormy altar of Qazlal.
   628 | D        | Found a basalt altar of Yredelemnul.
   628 | D        | Found an iron altar of Okawaru.
   628 | D        | Found a sparkling altar of Nemelex Xobeh.
   628 | D        | Found a shimmering altar of Xom.
   628 | D        | Found an ancient bone altar of Kikubaaqudgha.
   628 | D        | Noticed an elephant slug
   630 | D        | Found a burning altar of Makhleb.
   630 | D        | Found a glowing golden altar of the Shining One.
   630 | D        | Found an opulent altar of Gozag.
   899 | D        | Slain by an elephant slug

Action                   |  1- 3 |  4- 6 || total
-------------------------+-------+-------++-------
Melee: Unarmed           |    25 |    35 ||    60
 Cast: Beastly Appendage |     2 |       ||     2
       Spider Form       |       |     3 ||     3
       Blade Hands       |       |     2 ||     2
  Use: Potion            |     2 |       ||     2
